 Dungeon Crawl Stone Soup version 0.29-a0-275-g389c0b56f3 (webtiles) character file.

Game seed: 7544916828551570230

1880 drugrobin the Chopper (level 8, -3/67 (71) HPs)
             Began as a Demigod Fighter on Mar 12, 2022.
             Slain by a wight
             ... wielding a +2 spear
              (11 damage)
             ... on level 7 of the Dungeon.
             The game lasted 00:16:06 (7897 turns).

drugrobin the Chopper (Demigod Fighter)             Turns: 7897, Time: 00:16:07

HP:   -3/67 (71)    AC:  9    Str: 25    XL:     8   Next: 60%
MP:   10/10         EV:  9    Int: 10    God:
Gold: 146           SH:  4    Dex: 13    Spells: 7/7 levels left

rFire   . . .      SeeInvis .   a - +0 war axe
rCold   . . .      Faith    .   w - +0 buckler
rNeg    + . .      Spirit   .   b - +0 scale mail
rPois   .          Reflect  .   v - +0 helmet
rElec   .          Harm     .   f - +0 cloak
rCorr   .          Rampage  .   (no gloves)
Will    .....                   (no boots)
Stlth   ..........              F - amulet of regeneration
HPRegen 1.01/turn               q - ring of positive energy
MPRegen 0.12/turn               (no ring)

@: lethally poisoned (-3 -> -4), about to teleport, drained
A: high MP 1, forlorn, divine attributes
a: no special abilities


You were on level 7 of the Dungeon.
You visited 1 branch of the dungeon, and saw 7 of its levels.

You collected 179 gold pieces.
You spent 33 gold pieces at shops.

Inventory:

Hand Weapons
 a - a +0 war axe (weapon)
 c - a +2 dagger of venom
 k - a +0 hand axe
 G - a +0 battleaxe
Missiles
 l - 5 boomerangs (quivered)
 n - 4 curare-tipped darts
Armour
 b - a +0 scale mail (worn)
 f - a +0 cloak (worn)
 v - a +0 helmet (worn)
 w - a +0 buckler (worn)
Jewellery
 q - a ring of positive energy (left hand)
 C - an amulet of reflection
 F - an amulet of regeneration (around neck)
Wands
 u - a wand of flame (28)
 D - a wand of paralysis (5)
Scrolls
 g - 3 scrolls of noise {unknown}
 j - a scroll of magic mapping
 p - 3 scrolls of enchant armour
 r - a scroll of fear
 x - 2 scrolls of amnesia
 y - 2 scrolls of enchant weapon
 z - a scroll of torment
 A - a scroll of vulnerability
 B - 2 scrolls of fog
 E - a scroll of immolation {unknown}
Potions
 d - 2 potions of might
 e - a potion of mutation {unknown}
 h - 2 potions of heal wounds
 i - a potion of attraction {unknown}
 o - 2 potions of degeneration {unknown}
 t - 2 potions of magic {unknown}


   Skills:
 + Level 6.8 Fighting
 + Level 7.0 Axes
 - Level 2.9 Armour
 - Level 2.9 Shields
 + Level 4.7 Evocations


You had 7 spell levels left.
You didn't know any spells.
Your spell library contained the following spells:

 Spells                   Type           Power      Damage    Failure   Level
 Sublimation of Blood     Necr           0%         N/A       87%         2
 Petrify                  Tmut/Erth      0%         N/A       100%        4
 Irradiate                Conj/Tmut      0%         3d13      100%        5


Dungeon Overview and Level Annotations

Branches:
Dungeon (7/15)             Temple (0/1) D:5

Shops:
D:1 [   D:3 !

Annotations:
D:3 2 transporters, bande's ghost, amateur GrFi


Innate Abilities, Weirdness & Mutations

You have an increased reservoir of magic. (+10% MP)
You shall have no god before yourself.
Your divine heritage dramatically boosts your attributes as you level up.


Message History

You feel strangely unstable.
* * * LOW HITPOINT WARNING * * *
You feel very sick.
The water moccasin bites you but does no damage.
You block the wight's attack.
Unknown command.
Unknown command.
It was a potion of heal wounds.
You feel much better.
You feel very sick.
The water moccasin bites you but does no damage.
The water moccasin bites you.
* * * LOW HITPOINT WARNING * * *
A sky beast comes into view.
The wight hits you from afar with a +2 spear!
* * * LOW HITPOINT WARNING * * *
You partially resist.
You feel drained.
* * * LOW HITPOINT WARNING * * *
Unknown command.
Unknown command.
Unknown command.
Unknown command.
You completely miss the water moccasin.
The water moccasin is severely wounded.
You feel very sick.
A centaur comes into view.
The water moccasin barely misses you. The wight closely misses you.
The water moccasin bites you but does no damage.
The centaur moves out of view.
Unknown command.
Unknown command.
Unknown command.
Unknown command.
Unknown command.
Unknown command.
You hit the water moccasin but do no damage.
The water moccasin is severely wounded.
You feel sick.
The sky beast flickers out of sight!
Deactivating autopickup; reactivate with Ctrl-A.
The wight hits you from afar with a +2 spear!
You die...

...... #♣. .♣
......#♣♣ #.♣♣♣.
......#.. #.♣.♣.
......#.♣ #.♣.♣.
.......{. #.♣.♣.
........♣♣♣.# #..≈..
......oz....# #.♣.♣.
#S♣♣♣♣# #.♣.♣.
#@....# #.♣.♣.
#♣♣♣♣.# #.♣♣♣.
#.....# #♣.♣.♣
#.♣♣♣♣# ♣.♣.♣ #...♣
♣♣.♣♣ #♣♣.♣ ### ###
♣.♣ #. ♣♣.♣♣#.♣ ♣.#
♣.♣♣ .# ##..
#.#♣...♣#.♣♣♣.#♣.♣.♣
#.##...#
#.#.......♣.♣...♣♣♣.


You could see a water moccasin, a wight and an orc.

Vanquished Creatures
  2 vampire mosquitoes (D:6)
  2 black bears (D:5)
  An orc warrior (D:7)
  2 ice beasts
  A sky beast (D:7)
  A bullfrog (D:7)
  2 necrophages (D:5)
  A scorpion (D:6)
  A wyvern skeleton (D:5)
  A water moccasin skeleton (D:5)
  A howler monkey (D:7)
  A bullfrog skeleton (D:5)
  3 hounds
  3 jellies
  3 orc priests
  2 orc wizards
  2 iguanas (D:5)
  Robin (D:2)
  4 gnolls
  13 adders
  A shadow imp (D:7)
  A white imp (D:6)
  2 worms
  The ghost of Esekla the Sneak, a weakling OpDe (D:5)
  A dart slug (D:4)
  11 orcs
  12 endoplasms
  8 giant cockroaches
  15 goblins
  6 hobgoblins
  7 jackals
  3 quokkas
  9 ball pythons
  A bat (D:1)
  5 kobolds
  8 rats
138 creatures vanquished.

Notes
Turn   | Place    | Note
-------+----------+-------------------------------------------
     0 | D:1      | drugrobin the Demigod Fighter began the quest for the Orb.
     0 | D:1      | Reached XP level 1. HP: 18/18 MP: 3/3
     1 | D:1      | Found a runed translucent door.
    27 | D:1      | Found Emetif's Armour Shoppe.
    98 | D:1      | Reached skill level 2 in Axes
   374 | D:1      | Reached XP level 2. HP: 25/25 MP: 4/4
  1216 | D:2      | Reached XP level 3. HP: 31/31 MP: 5/5
  1850 | D:1      | Reached skill level 3 in Axes
  1987 | D:2      | Reached XP level 4. HP: 12/38 MP: 6/6
  2495 | D:3      | Found a transporter.
  2495 | D:3      | Noticed bande's ghost (amateur GrFi)
  2504 | D:3      | Noticed Robin
  2534 | D:3      | Found Geuh's Distillery.
  2903 | D:2      | Killed Robin
  3063 | D:3      | Bought a potion of curing for 33 gold pieces
  3130 | D:3      | Reached skill level 4 in Axes
  3130 | D:3      | Reached XP level 5. HP: 38/46 MP: 7/7
  3512 | D:3      | Found a transporter.
  4828 | D:5      | Entered Level 5 of the Dungeon
  4840 | D:5      | Noticed a black bear
  4877 | D:5      | Reached XP level 6. HP: 53/53 MP: 8/8
  5474 | D:5      | Found a transporter.
  5495 | D:5      | Found a transporter.
  5503 | D:5      | Noticed Esekla's ghost (weakling OpDe)
  5525 | D:5      | Reached skill level 5 in Axes
  5525 | D:5      | Reached skill level 1 in Evocations
  5787 | D:5      | Found a staircase to the Ecumenical Temple.
  5808 | D:5      | Reached skill level 5 in Fighting
  5912 | D:5      | Reached XP level 7. HP: 53/61 MP: 9/9
  6324 | D:5      | Killed Esekla's ghost
  6591 | D:6      | Reached skill level 6 in Axes
  6721 | D:6      | Noticed a steam dragon
  6733 | D:6      | Reached XP level 8. HP: 21/70 MP: 10/10
  7720 | D:7      | Reached skill level 7 in Axes
  7897 | D:7      | Slain by a wight

Illustrated notes

Levels and vault maps discovered:
D:1:      dpeg_arrival_caged_fury, layout_basic, serial_shops,
          nicolae_shop_window_shopping, shapermc_ecumenical_altar_mp_vishouse
D:2:      layout_loops_ring, hangedman_abyss_or_decor_stabs
D:3:      layout_loops_ring, serial_shops, shop, gammafunk_ghost_stat_death,
          skrybe_limestone_x, serial_park_tiny_1, minmay_snake_closets,
          uniq_robin
D:4:      layout_rooms
D:5:      layout_loops_ring, minmay_temple_entry_large_hall,
          gammafunk_ghost_mausoleum
D:6:      layout_gridville, minivault_26, minmay_liquid_box, due_unseen_surprise
D:7:      nzn_winding_woodlands_medium [nzn_winding_woodlands_5x5_closed_star,
          nzn_winding_woodlands_5x15_eye,
          nzn_winding_woodlands_5x5_checkerboard,
          nzn_winding_woodlands_5x5_three, nzn_winding_woodlands_center_lodge,
          nzn_winding_woodlands_hourglass, nzn_winding_woodlands_5x5_open_star,
          nzn_winding_woodlands_5x15_sidewinder,
          nzn_winding_woodlands_5x5_default], layout_cave_pods

Skill      XL: |  1  2  3  4  5  6  7  8 |
---------------+-------------------------+-----
Axes           | 2 3 4 5 6 7 |  7.0
Fighting       | 3 4 5 6 |  6.8
Evocations     | 1 3 4 |  4.7
Armour         | |  2.9
Shields        | |  2.9

Action                   |  1- 3 |  4- 6 |  7- 9 || total
-------------------------+-------+-------+-------++-------
Melee: War axe           |    75 |   115 |   120 ||   310
       Hand axe          |     6 |       |       ||     6
       Dagger            |       |   141 |    28 ||   169
Throw: Boomerang         |    12 |     3 |     4 ||    19
  Use: Scroll            |       |     8 |     3 ||    11
       Potion            |       |       |     6 ||     6
Armor: Scale mail        |    33 |   140 |    68 ||   241
Dodge: Dodged            |    41 |   107 |    70 ||   218
Block: Buckler           |    16 |   111 |    81 ||   208

Table legend: (Time is in decaauts)
 A = Elapsed time spent in this place.
 B = Non-inter-level travel time spent in this place.
 C = Inter-level travel time spent in this place.
 D = Time resting spent in this place.
 E = Time spent auto-exploring this place.
 F = Levels seen in this place.
 G = Mean time per level.
                   A        B        C        D        E       F      G
               +--------+--------+--------+--------+--------+-----+--------+
         Total |   7998 |   7717 |    281 |   2935 |   3054 |   7 | 1142.6 |
       Dungeon |   7998 |   7717 |    281 |   2935 |   3054 |   7 | 1142.6 |
               +--------+--------+--------+--------+--------+-----+--------+

Top non-repeatable levels by time:
     D:2: 1847 daAuts
     D:3: 1471 daAuts
     D:5: 1224 daAuts
     D:1: 1042 daAuts
     D:4: 969 daAuts
     D:7: 777 daAuts
     D:6: 665 daAuts
